 Dungeon Crawl Stone Soup version 0.18.1-48-g4cf74bf (webtiles) character file.

4882 Krapule the Protected (level 10, -7/90 HPs)
             Began as a Minotaur Fighter on Aug 12, 2016.
             Was a Follower of the Shining One.
             Splashed by Erica's acid (8 damage)
             ... on level 8 of the Dungeon.
             The game lasted 00:21:37 (6827 turns).

Krapule the Protected (Minotaur Fighter)            Turns: 6827, Time: 00:21:38

Health: -7/90      AC: 13    Str: 21    XL:     10   Next: 26%
Magic:  9/9        EV: 13    Int:  5    God:    the Shining One [*.....]
Gold:   414        SH: 12    Dex: 15    Spells: 0 memorised, 9 levels left

rFire  . . .     SeeInvis .     a - +1 long sword
rCold  . . .     Gourm    .     h - +2 scale mail {MR+}
rNeg   . . .     Faith    .     c - +0 shield
rPois  .         Spirit   .     (helmet restricted)
rElec  .         Dismiss  .     (no cloak)
rCorr  .         Reflect  .     v - +0 pair of gloves
SustAt .         Harm     .     i - +0 pair of boots
MR     ++...                    (no amulet)
Stlth  ..........               q - +2 ring of dexterity
                                I - ring of protection from magic

@: glowing, very resistant to hostile enchantments, extremely unstealthy
A: retaliatory headbutt, horns 2
a: Renounce Religion


You were on level 8 of the Dungeon.
You worshipped the Shining One.
The Shining One was aware of your devotion.
You were not hungry.

You visited 2 branches of the dungeon, and saw 11 of its levels.
You also visited: Sewer.

You collected 530 gold pieces.
You spent 116 gold pieces at shops.

Inventory:

Hand Weapons
 a - a +1 long sword (weapon)
Armour
 c - a +0 shield (worn)
 h - a +2 scale mail of magic resistance (worn)
 i - a +0 pair of boots (worn)
 v - a +0 pair of gloves (worn)
Jewellery
 q - a +2 ring of dexterity (right hand)
 I - a ring of protection from magic (left hand)
Wands
 s - a wand of lightning (3/15)
 t - a wand of slowing (30/48)
 y - a wand of paralysis (4/24)
Scrolls
 d - a scroll of magic mapping {unknown}
 m - a scroll of identify
 p - 2 scrolls of blinking
Potions
 e - 2 potions of flight
 g - a potion of agility
 j - 6 potions of haste
 l - 7 potions of curing
 n - a potion of magic
 r - a potion of mutation {unknown}
 u - a potion of brilliance {unknown}
 A - a potion of cancellation {unknown}
 B - a potion of lignification {unknown}
 H - a potion of berserk rage {unknown}
Books
 x - a book of Dreams

   Spells                             Type                      Level
   a - Ensorcelled Hibernation        Hexes/Ice                    2
   b - Silence                        Hexes/Air                    5
   c - Darkness                       Hexes                        6
   d - Shadow Creatures               Summoning                    6
 C - a book of the Earth

   Spells                             Type                      Level
   a - Leda's Liquefaction            Hexes/Earth                  4
   b - Bolt of Magma                  Conjuration/Fire/Earth       5
   c - Statue Form                    Transmutation/Earth          6
   d - Iron Shot                      Conjuration/Earth            6
   e - Shatter                        Earth                        9
Comestibles
 b - a royal jelly
 f - 7 bread rations
 k - 6 meat rations
 w - 5 fruits


   Skills:
 * Level 8.9 Fighting
 + Level 8.3 Long Blades
 * Level 9.1 Armour
 + Level 7.1 Dodging
 * Level 9.0 Shields
 + Level 1.2 Invocations


You had 9 spell levels left.
You didn't know any spells.

Dungeon Overview and Level Annotations

Branches:
Dungeon (10/15)            Temple (1/1) D:7
   Lair: D:8-11         Orc: D:9-12

Altars:
Ashenzari
Cheibriados
Dithmenos
Elyvilon
Fedhas
Makhleb
Nemelex Xobeh
Okawaru
Pakellas
Ru
Trog
Xom
Zin
The Shining One

Shops:
D:4 [

Annotations:
D:8 Erica


Innate Abilities, Weirdness & Mutations

You reflexively headbutt those who attack you in melee.
You have a pair of horns on your head.


Message History

You barely miss Erica. You headbutt Erica.
Erica is heavily wounded.
Erica screams, "Die!"
You block Erica's attack. The adder bites you.
You are poisoned.
The adder poisons you!
You slash Erica! Your headbutt misses Erica.
Erica is severely wounded.
You feel sick.
Erica hits you with a scimitar of flaming.
* * * LOW HITPOINT WARNING * * *
Erica burns you.
* * * LOW HITPOINT WARNING * * *
You block the adder's attack.
Drink which item? (? for menu, Esc to quit)
You feel better. The adder bites you but does no damage.
Erica zaps a wand.
The bolt of acid hits you!
* * * LOW HITPOINT WARNING * * *
The acid burns!
You die...

##..##†........##..###...########
...............[...........@C....
..............................(..
....##.................((.(......
....##.........##..###...##..####
...............##+####...#####
......................(..#
...##................(..# ###
#..........@S.......#
#..........##@.###.###
#..........##..# #+#
#.................
#.................
#...##............<. ...
#.....##..###.# #......# ..# .#
#####+## ..


You could see Erica and an adder.

Vanquished Creatures
  Joseph (D:8)
  The ghost of nikopol the Firebug, a novice GrFE (D:6)
  3 yaks (D:10)
  2 hippogriffs
  A water moccasin (D:7)
  Purgy (D:3)
  3 orc warriors
  A sky beast (D:5)
  A phantom (D:4)
  4 ogres
  5 centaurs
  A crocodile (Sewer)
  3 giant frogs
  A jelly (D:10)
  A scorpion (D:4)
  7 killer bees
  7 wights
  A giant frog zombie (D:4)
  A howler monkey (D:6)
  A quasit (D:7)
  2 hounds
  10 orc wizards
  A centaur skeleton (D:9)
  A gnoll shaman (D:7)
  3 orc priests
  A giant frog skeleton (D:5)
  2 iguanas
  Ijyb (D:3)
  6 worker ants
  2 killer bee zombies
  A hound skeleton (D:7)
  A howler monkey zombie (D:6)
  A worker ant zombie (D:8)
  6 gnolls
  11 adders
  A river rat (D:6)
  A shadow imp (D:7)
  An ooze (D:2)
  An adder skeleton (D:7)
  An adder zombie (D:7)
  4 worms
  3 dart slugs (D:1)
  4 giant geckos
  34 orcs
  11 bats
  3 giant cockroaches
  15 goblins
  7 hobgoblins
  3 jackals (D:7)
  3 quokkas
  A giant cockroach zombie (D:5)
  3 giant newts (D:2)
  A kobold (D:3)
  8 rats
200 creatures vanquished.

Notes
Turn   | Place    | Note
--------------------------------------------------------------
     0 | D:1      | Krapule the Minotaur Fighter began the quest for the Orb.
     0 | D:1      | Reached XP level 1. HP: 19/19 MP: 0/0
   207 | D:1      | Reached XP level 2. HP: 26/27 MP: 1/1
   630 | D:2      | Reached XP level 3. HP: 33/33 MP: 2/2
   697 | D:2      | Found a faded altar to an unknown god.
   704 | D:2      | Reached skill level 1 in Dodging
   945 | D:3      | Noticed Purgy
   956 | D:3      | Killed Purgy
   956 | D:3      | Reached XP level 4. HP: 26/41 MP: 3/3
   956 | D:3      | Reached XP level 5. HP: 29/47 MP: 4/4
   992 | D:3      | Found a shattered altar of Ashenzari.
  1402 | D:3      | Noticed a centaur
  1411 | D:3      | Killed a centaur
  1411 | D:3      | Reached skill level 5 in Armour
  1411 | D:3      | Reached skill level 5 in Shields
  1411 | D:3      | Reached XP level 6. HP: 43/55 MP: 5/5
  1508 | D:3      | Noticed Ijyb
  1522 | D:3      | Reached skill level 5 in Fighting
  1528 | D:3      | Killed Ijyb
  2194 | D:4      | Found Gotiudwomiu's Antique Armour Emporium.
  2218 | D:4      | Reached XP level 7. HP: 20/61 MP: 6/6
  2428 | D:4      | Reached skill level 5 in Long Blades
  2549 | D:4      | Bought a shiny scale mail for 116 gold pieces
  3077 | D:5      | Entered Level 5 of the Dungeon
  3145 | D:5      | Reached XP level 8. HP: 51/70 MP: 7/7
  3304 | D:5      | Found a shadowy altar of Dithmenos.
  4043 | D:6      | Found a glowing drain.
  4088 | D:6      | Reached skill level 5 in Dodging
  4096 | Sewer    | Entered a sewer
  4380 | D:6      | Found a blossoming altar of Fedhas.
  4497 | D:6      | Noticed nikopol's ghost (novice GrFE)
  4512 | D:6      | Killed nikopol's ghost
  4599 | D:7      | You fall through a shaft for 3 floors!
  4599 | D:10     | Entered Level 10 of the Dungeon
  4638 | D:10     | Reached XP level 9. HP: 79/79 MP: 8/8
  5056 | D:8      | Noticed Joseph
  5064 | D:8      | Noticed a hill giant
  5092 | D:7      | HP: 2/81 [killer bee (5)]
  5555 | D:7      | Found a staircase to the Ecumenical Temple.
  5563 | Temple   | Entered the Ecumenical Temple
  5583 | Temple   | Became a worshipper of the Shining One
  6008 | D:7      | HP: 2/82 [hill giant/giant club (23)]
  6366 | D:8      | Reached XP level 10. HP: 80/90 MP: 9/9
  6380 | D:8      | Killed Joseph
  6380 | D:8      | Reached skill level 1 in Invocations
  6468 | D:8      | Reached * piety under the Shining One
  6805 | D:8      | Noticed Erica
  6827 | D:8      | HP: 1/90 [Erica/wand of acid (28)]
  6827 | D:8      | Splashed by Erica's acid

Skill      XL: |  1  2  3  4  5  6  7  8  9 10 |
---------------+-------------------------------+-----
Armour         | 4 5 6 7 8 9 |  9.1
Long Blades    | 3 4 5 6 8 |  8.3
Shields        | 4 5 6 7 8 9 |  9.0
Dodging        | 1 2 3 4 5 6 7 |  7.1
Fighting       | 4 5 6 7 8 |  8.9
Invocations    | 1 |  1.2

Action                   |  1- 3 |  4- 6 |  7- 9 | 10-12 || total
-------------------------+-------+-------+-------+-------++-------
Melee: Long sword        |    74 |   129 |   344 |    67 ||   614
       Headbutt          |    15 |    23 |    73 |    18 ||   129
Evoke: Wand              |       |       |     6 |       ||     6
  Use: Scroll            |       |     8 |     4 |     1 ||    13
       Potion            |       |       |     2 |     1 ||     3
 Stab: Paralysed         |       |       |     4 |       ||     4
  Eat: Chunk             |       |     5 |    10 |     3 ||    18
       Pizza             |       |       |     1 |       ||     1
Armor: Scale mail        |    31 |    36 |    96 |    14 ||   177
Dodge: Dodged            |    23 |    31 |   107 |    42 ||   203
Block: Shield            |    44 |    47 |   203 |    50 ||   344
